 Dungeon Crawl Stone Soup version 0.29-a0-231-g945431f764 (webtiles) character file.

Game seed: 12571691273566733552

10406 lunkers the Marksfrog (level 11, -3/90 HPs)
             Began as a Barachi Hunter on Feb 28, 2022.
             Was a Follower of Ru.
             Slain by a vampire mosquito (4 damage)
             ... on level 2 of the Lair of Beasts.
             The game lasted 00:17:12 (11468 turns).

lunkers the Marksfrog (Barachi Hunter)             Turns: 11468, Time: 00:17:12

Health: -3/90      AC: 27    Str: 14    XL:     11   Next: 61%
Magic:  20/20      EV:  8    Int: 13    God:    Ru [*.....]
Gold:   268        SH:  0    Dex: 18    Spells: 10/10 levels left

rFire   . . .      SeeInvis .   a - +2 shortbow (freeze)
rCold   . . .      Faith    .   (shield currently unavailable)
rNeg    + . .      Spirit   .   t - +6 chain mail "Ugeedeil" {rN+}
rPois   .          Reflect  .   m - +1 helmet
rElec   .          Harm     .   d - scarf {repulsion}
rCorr   .          Rampage  .   (no gloves)
Will    .....                   y - +2 pair of boots
Stlth   ..........              (no amulet)
HPRegen 0.25/turn               e - +4 ring of protection
MPRegen 0.17/turn               D - ring of the Octopus King {MP+9 AC+1 EV+1 Str+1 Int+1 Dex+1}

@: repel missiles, slow
A: amphibious, slowness 1, no air magic, no conjurations magic, no
transmutations magic, strong legs 1, +LOS
a: Hop, Renounce Religion, Sacrifice Drink, Sacrifice Health, Sacrifice
Durability, Reject Sacrifices


You were on level 2 of the Lair of Beasts.
You worshipped Ru.
Ru was aware of your devotion.
You visited 3 branches of the dungeon, and saw 12 of its levels.

You collected 496 gold pieces.
You spent 228 gold pieces at shops.

Inventory:

Hand Weapons
 a - a +2 shortbow of freezing (weapon)
 b - the +9 long sword "Fany" {venom, Str+3}
   (You took it off an orc on level 9 of the Dungeon)

   It poisons the flesh of those it strikes.
   Str:       It affects your strength (+3).
Armour
 d - a scarf of repulsion (worn)
 m - a +1 helmet (worn)
 r - +0 acid dragon scales
 t - the +6 chain mail "Ugeedeil" (worn) {rN+}
   (You bought it in a shop on level 8 of the Dungeon)

   rN:        It protects you from negative energy.
 y - a +2 pair of boots (worn)
Jewellery
 e - a +4 ring of protection (left hand)
 g - a +6 ring of dexterity
 k - a ring of fire
 n - a +6 ring of intelligence
 A - a +6 ring of dexterity
 D - a ring of the Octopus King (right hand) {MP+9 AC+1 EV+1 Str+1 Int+1 Dex+1}
   (You found it on level 1 of the Lair of Beasts)

   [ring of magical power]

   AC:        It affects your AC (+1).
   EV:        It affects your evasion (+1).
   Str:       It affects your strength (+1).
   Int:       It affects your intelligence (+1).
   Dex:       It affects your dexterity (+1).
   MP:        It affects your magic capacity (+9).
Wands
 C - a wand of iceblast (3)
Scrolls
 c - 2 scrolls of enchant weapon
 h - a scroll of holy word
 i - 2 scrolls of fog
 w - 3 scrolls of amnesia
 B - 2 scrolls of identify
Potions
 f - 2 potions of ambrosia
 j - 2 potions of might
 l - 2 potions of resistance
 o - 2 potions of magic
 q - a potion of lignification
 s - 7 potions of curing
 u - a potion of mutation
 v - 4 potions of heal wounds


   Skills:
 + Level 10.1 Fighting
 * Level 15.3 Bows
 * Level 6.8 Armour
 - Level 2.1 Dodging
 - Level 0.8 Stealth


You had 10 spell levels left.
You didn't know any spells.
Your spell library contained the following spells:

 Spells                   Type           Power      Damage    Failure   Level
 Summon Small Mammal      Summ           0%         N/A       99%         1
 Call Canine Familiar     Summ           0%         N/A       100%        3
 Inner Flame              Hex/Fire       0%         N/A       100%        3
 Portal Projectile        Hex/Tloc       0%         N/A       100%        3
 Summon Guardian Golem    Hex/Summ       0%         N/A       100%        3
 Cause Fear               Hex            0%         N/A       100%        4
 Leda's Liquefaction      Hex/Erth       0%         N/A       100%        4
 Simulacrum               Ice/Necr       0%         N/A       100%        6
 Discord                  Hex            0%         N/A       100%        8
 Foxfire                  Conj/Fire      Unusable   2x1d4     N/A         1
 Conjure Flame            Conj/Fire      Unusable   6-21      N/A         3
 Flame Wave               Conj/Fire      Unusable   2d4       N/A         4
 Hailstorm                Conj/Ice       Unusable   3d3       N/A         4
 Ice Form                 Ice/Tmut       Unusable   N/A       N/A         4

Dungeon Overview and Level Annotations

Branches:
Dungeon (9/15)             Temple (1/1) D:7            Lair (2/6) D:8
  Swamp: Lair:2-4    Shoals: Lair:2-4     Snake: Lair:2-4    Spider: Lair:2-4
    Orc: D:9-12

Altars:
Ashenzari
Cheibriados
Dithmenos
Elyvilon
Fedhas
Gozag
Hepliaklqana
Kikubaaqudgha
Makhleb
Nemelex Xobeh
Okawaru
Qazlal
Ru
Sif Muna
Trog
Uskayaw
Vehumet
Wu Jian
Xom
Yredelemnul
Zin
The Shining One

Shops:
D:8 [

Annotations:
Lair:1 Urug


Innate Abilities, Weirdness & Mutations

You are amphibious.
You cover ground slowly.
You cannot study or cast Air magic.
You cannot study or cast Conjurations magic.
You cannot study or cast Transmutations magic.
You can hop short distances.
You have an extended range of vision and can be seen from far away.


Message History

The basilisk gazes at you. The vampire mosquito bites you!
* * * LOW HITPOINT WARNING * * *
The vampire mosquito bites you but does no damage. x2
The vampire mosquito bites you.
The vampire mosquito bites you but does no damage.
The vampire mosquito bites you.
* * * LOW HITPOINT WARNING * * *
The basilisk gazes at you.
The vampire mosquito bites you but does no damage. x3
The vampire mosquito bites you but does no damage.
The vampire mosquito bites you.
* * * LOW HITPOINT WARNING * * *
The vampire mosquito bites you but does no damage.
The basilisk bites you.
* * * LOW HITPOINT WARNING * * *
The vampire mosquito bites you but does no damage. x2
The vampire mosquito bites you. The vampire mosquito barely misses you.
The vampire mosquito bites you.
* * * LOW HITPOINT WARNING * * *
The vampire mosquito bites you but does no damage.
The basilisk bites you but does no damage.
The vampire mosquito bites you but does no damage. x2
You turn to flesh and can move again.
Unknown command.
Unknown command.
Unknown command.
Okay, then.
Shoot: a) +2 shortbow (freeze)
Press: ? - help, Q - select action, (/) - cycle Shift-Dir - straight line, f - basilisk, p - vampire mosquito
Aim: a basilisk (69% to hit)
You shoot an arrow. The arrow hits the basilisk.
The arrow freezes the basilisk.
The basilisk is lightly wounded.
The vampire mosquito bites you.
* * * LOW HITPOINT WARNING * * *
The vampire mosquito draws strength from your injuries!
The vampire mosquito closely misses you.
The vampire mosquito bites you.
You die...

##......###....# ##....# ...
#......###.....# #.....##...
#.....#.#......# ##....#....
##.....####....# #......#
#P....## #....# #......# ..
##....# ##....# #.....#.....
#....# #.....####.<...P....
###....## #.|..ly#
#.......... #.......#
##...y@# #....##....
##......####...y## #....#
....
.##.....##......#.#.....P# ..
......<....................
............................
............................
.............................
#.##..P####.####....##..
######## ### ##### #


You could see a basilisk and 3 vampire mosquitoes.

Vanquished Creatures
  2 hydras (Lair:1)
  2 two-headed ogres
  A deep elf pyromancer (D:8)
  A rime drake (Lair:1)
  Psyche (D:8)
  A polar bear (Lair:1)
  A wraith (D:9)
  8 yaks
  2 vampire mosquitoes (Lair:2)
  Grum (D:8)
  2 acid dragons
  6 water moccasins
  5 black bears
  3 orc warriors
  A sky beast (D:7)
  3 ice beasts
  An ogre (D:6)
  3 wolves (D:8)
  3 centaurs
  A kobold brigand (D:7)
  3 necrophages
  2 scorpions
  8 bullfrogs
  14 wights
  10 killer bees
  A howler monkey (D:4)
  A jelly (D:3)
  6 hounds
  3 orc priests
  3 iguanas
  5 orc wizards
  6 gnolls
  7 adders
  A shadow imp (D:5)
  An ufetubus (D:6)
  A worm (D:2)
  3 dart slugs
  24 orcs
  5 ball pythons
  3 bats
  7 endoplasms
  4 giant cockroaches
  7 goblins
  4 hobgoblins
  9 kobolds
  2 quokkas
  A frilled lizard (D:1)
  2 rats
191 creatures vanquished.

Vanquished Creatures (others)
  An orc (D:8)
  41 fungi
  54 plants
96 creatures vanquished.

Grand Total: 287 creatures vanquished

Notes
Turn   | Place    | Note
-------+----------+-------------------------------------------
     0 | D:1      | lunkers the Barachi Hunter began the quest for the Orb.
     0 | D:1      | Reached XP level 1. HP: 17/17 MP: 1/1
    66 | D:1      | Found a faded altar of an unknown god.
   179 | D:1      | Reached XP level 2. HP: 23/23 MP: 2/2
   947 | D:2      | Reached skill level 5 in Bows
   947 | D:2      | Reached XP level 3. HP: 22/28 MP: 3/3
  1579 | D:2      | You fall into a shaft and drop 2 floors!
  1604 | D:4      | Reached XP level 4. HP: 17/34 MP: 4/4
  1651 | D:4      | Reached skill level 6 in Bows
  1651 | D:4      | Reached XP level 5. HP: 24/39 MP: 5/5
  1946 | D:4      | Reached skill level 7 in Bows
  1946 | D:4      | Reached XP level 6. HP: 31/46 MP: 6/6
  3588 | D:3      | Reached skill level 8 in Bows
  3828 | D:5      | Entered Level 5 of the Dungeon
  3839 | D:5      | Reached XP level 7. HP: 26/51 MP: 7/7
  4575 | D:5      | Noticed a two-headed ogre
  4584 | D:5      | Killed a two-headed ogre
  4585 | D:5      | Reached skill level 10 in Bows
  4585 | D:5      | Reached XP level 8. HP: 9/57 MP: 8/8
  5050 | D:6      | Found a broken altar of Ashenzari.
  5055 | D:6      | Saw a vision of the Swamp and the Snake Pit.
  5055 | D:6      | Noticed a salamander
  5055 | D:6      | Noticed a shock serpent
  5055 | D:6      | Noticed an alligator
  5055 | D:6      | Noticed a black mamba
  5056 | D:6      | Noticed a black mamba
  5149 | D:6      | Reached skill level 11 in Bows
  5511 | D:7      | Reached XP level 9. HP: 39/66 MP: 9/9
  5653 | D:7      | Found a staircase to the Ecumenical Temple.
  5673 | Temple   | Entered the Ecumenical Temple
  6028 | Temple   | Became a worshipper of Ru the Awakened
  6179 | D:7      | Reached skill level 5 in Fighting
  6488 | D:7      | Reached skill level 12 in Bows
  7104 | D:8      | Found Ucwink's Antique Armour Shoppe.
  7142 | D:8      | Reached skill level 13 in Bows
  7142 | D:8      | Reached XP level 10. HP: 8/79 MP: 10/10
  7494 | D:8      | Noticed Psyche
  7699 | D:8      | Killed Psyche
  7803 | D:8      | Noticed Grum
  7811 | D:8      | Killed Grum
  7825 | D:8      | Gained mutation: You cannot study or cast Air magic. [Ru
                  | sacrifice]
  7825 | D:8      | Gained mutation: You cannot study or cast Transmutations
                  | magic. [Ru sacrifice]
  7825 | D:8      | Gained mutation: You cannot study or cast Conjurations
                  | magic. [Ru sacrifice]
  7825 | D:8      | Reached * piety under Ru
  7920 | D:8      | Reached skill level 14 in Bows
  7929 | D:8      | Bought an ichor-stained chain mail for 228 gold pieces
  7929 | D:8      | Identified the +6 chain mail "Ugeedeil" {rN+} (You bought
                  | it in a shop on level 8 of the Dungeon)
  8017 | D:8      | Found a staircase to the Lair.
  8064 | D:8      | Noticed a deep elf pyromancer
  8068 | D:8      | Killed a deep elf pyromancer
  8362 | D:9      | Reached skill level 1 in Armour
  8632 | D:9      | Identified the +9 long sword "Fany" {venom, Str+3}
  9490 | D:9      | Reached XP level 11. HP: 89/89 MP: 11/11
  9821 | D:9      | Noticed a two-headed ogre
  9830 | D:9      | Killed a two-headed ogre
 10130 | Lair:1   | Entered Level 1 of the Lair of Beasts
 10167 | Lair:1   | Found the ring of the Octopus King
 10183 | Lair:1   | Identified a ring of the Octopus King {MP+9 AC+1 EV+1 Str+1
                  | Int+1 Dex+1}
 10261 | Lair:1   | Reached skill level 5 in Armour
 10329 | Lair:1   | Noticed a seven-headed hydra
 10331 | Lair:1   | Noticed Urug
 10339 | Lair:1   | Killed a seven-headed hydra
 10340 | Lair:1   | Reached skill level 15 in Bows
 10355 | Lair:1   | Paralysed by Urug for 2 turns
 10359 | Lair:1   | Paralysed by Urug for 3 turns
 10587 | Lair:1   | Noticed a seven-headed hydra
 10599 | Lair:1   | Killed a seven-headed hydra
 10600 | Lair:1   | Reached skill level 10 in Fighting
 11468 | Lair:2   | HP: 1/90 [vampire mosquito (4)]
 11468 | Lair:2   | Slain by a vampire mosquito

Illustrated notes

Levels and vault maps discovered:
D:1:      zelgadis_glass_arrival_small, layout_basic,
          ebering_ecumenical_altar_abandoned, minmay_pentomino_w2
D:2:      layout_loops_corners
D:3:      layout_loops_ring, kennysheep_crisscross
D:4:      layout_basic, minivault_11, minmay_misc_feat_four_crosses
D:5:      layout_loops_ring, st_stairs_13
D:6:      layout_rooms, grunt_ashenzari_visionary
          [grunt_ashenzari_visionary_swamp, grunt_ashenzari_visionary_snake],
          minmay_between
D:7:      layout_loops_ring, minmay_temple_entry_statues
D:8:      layout_basic, due_lair_maze_entry_diamond, serial_shops, shop,
          uniq_grum, uniq_psyche
D:9:      layout_stronghold, enter_bailey_5, chequers_serial_rivers_micro_b
Temple:   roderic_octagonal_lattice_temple
Lair:1:   layout_roguey [special_room_bee], serial_bayou_shore_a,
          lemuel_fruit_fields, uniq_maggie, uniq_urug
Lair:2:   layout_long_grid, swamp_mist, serial_forest, infiniplex_forest_end_2,
          infiniplex_forest_lined_2, infiniplex_forest_3_way,
          infiniplex_forest_zigzag_1, infiniplex_forest_clump_diagonal,
          infiniplex_forest_lined_corner, infiniplex_forest_corner_2, pond

Skill      XL: |  1  2  3  4  5  6  7  8  9 10 11 |
---------------+----------------------------------+-----
Bows           | 5 6 7 8 10 11 13 14 15 | 15.3
Fighting       | 4 7 9 10 | 10.1
Armour         | 3 6 |  6.8
Dodging        | |  2.1
Stealth        | |  0.8

Action                   |  1- 3 |  4- 6 |  7- 9 | 10-12 || total
-------------------------+-------+-------+-------+-------++-------
 Fire: Shortbow          |    53 |   144 |   215 |   378 ||   790
Invok: Sacrifice Arcana  |       |       |       |     1 ||     1
 Abil: Hop               |       |       |     1 |     2 ||     3
  Use: Scroll            |       |       |    17 |     6 ||    23
Armor: Leather armour    |     6 |    17 |     3 |       ||    26
       Ring mail         |       |       |    29 |       ||    29
       Chain mail        |       |       |       |   287 ||   287
       Acid dragon scale |       |       |       |    21 ||    21
       Skin              |       |       |       |     7 ||     7
Dodge: Dodged            |    26 |    19 |    57 |   186 ||   288
       Repelled          |     2 |     1 |       |     1 ||     4

Table legend: (Time is in decaauts)
 A = Elapsed time spent in this place.
 B = Non-inter-level travel time spent in this place.
 C = Inter-level travel time spent in this place.
 D = Time resting spent in this place.
 E = Time spent auto-exploring this place.
 F = Levels seen in this place.
 G = Mean time per level.
                   A        B        C        D        E       F      G
               +--------+--------+--------+--------+--------+-----+--------+
         Total |  12813 |  12188 |    625 |   1057 |   9509 |  12 | 1067.8 |
       Dungeon |  10948 |  10374 |    574 |    269 |   8814 |   9 | 1216.4 |
        Temple |    445 |    404 |     41 |      0 |    354 |   1 |  445.0 |
          Lair |   1418 |   1408 |     10 |    788 |    340 |   2 |  709.0 |
               +--------+--------+--------+--------+--------+-----+--------+

Top non-repeatable levels by time:
     D:9: 1986 daAuts
     D:1: 1397 daAuts
     D:2: 1360 daAuts
     D:8: 1354 daAuts
     D:7: 1333 daAuts
     D:5: 1241 daAuts
     D:4: 945 daAuts
  Lair:1: 901 daAuts
     D:3: 700 daAuts
     D:6: 628 daAuts
  Lair:2: 517 daAuts
  Temple: 445 daAuts
